 Dungeon Crawl Stone Soup version 0.29.1-2-gbd0b4ee654 (webtiles) character file.

Game seed: 6855083938909745448

971 zeram the Cleaver (level 8, -3/70 HPs)
             Began as a Hill Orc Fighter on Oct 29, 2022.
             Was an Initiate of Dithmenos.
             Splashed by a jelly's acid (11 damage)
             ... on level 6 of the Dungeon.
             The game lasted 00:10:46 (4988 turns).

zeram the Cleaver (Hill Orc Fighter)                Turns: 4988, Time: 00:10:48

Health: -3/70      AC:  7    Str: 21    XL:     8   Next: 16%
Magic:  8/8        EV:  6    Int:  8    God:    Dithmenos [......]
Gold:   292        SH:  4    Dex: 10    Spells: 7/7 levels left

rFire   . . .      SeeInvis .   a - +1 war axe
rCold   . . .      Faith    .   c - +0 buckler
rNeg    . . .      Spirit   .   q - +0 plate armour
rPois   .          Reflect  .   m - +0 helmet
rElec   .          Harm     .   g - +0 cloak
rCorr   .          Rampage  .   h - +1 pair of gloves
Will    .....                   n - +1 pair of boots
Stlth   ..........              (no amulet)
HPRegen 0.21/turn               (no ring)
MPRegen 0.11/turn               (no ring)

@: corroded
A: no striking features
a: Renounce Religion


You were on level 6 of the Dungeon.
You worshipped Dithmenos.
Dithmenos was noncommittal.
You visited 2 branches of the dungeon, and saw 7 of its levels.

You collected 292 gold pieces.

Inventory:

Hand Weapons
 a - a +1 war axe (weapon)
Armour
 b - a +0 scale mail
 c - a +0 buckler (worn)
 g - a +0 cloak (worn)
 h - a +1 pair of gloves (worn)
 l - a +2 robe of willpower
 m - a +0 helmet (worn)
 n - a +1 pair of boots (worn)
 q - a +0 plate armour (worn)
Jewellery
 t - a ring of protection from fire
Scrolls
 d - a scroll of butterflies
 f - 2 scrolls of teleportation
 i - 2 scrolls of vulnerability
 x - a scroll of enchant weapon
 y - a scroll of silence
Potions
 e - a potion of lignification
 j - a potion of curing
 k - a potion of mutation
 o - 2 potions of brilliance
 p - a potion of haste {unknown}
 r - 2 potions of degeneration
 s - a potion of invisibility
 u - a potion of magic {unknown}
 w - a potion of flight {unknown}


   Skills:
 + Level 5.7 Fighting
 + Level 8.6 Axes
 + Level 6.2 Armour
 + Level 4.4 Shields


You had 7 spell levels left.
You didn't know any spells.
Your spell library contained the following spells:

 Spells                   Type           Power      Damage    Failure   Level
 Static Discharge         Conj/Air       0%         3-3/arc   100%        2
 Call Canine Familiar     Summ           0%         N/A       100%        3
 Dazzling Flash           Conj/Hex       0%         N/A       100%        3
 Portal Projectile        Hex/Tloc       0%         N/A       100%        3
 Summon Guardian Golem    Hex/Summ       0%         N/A       100%        3
 Dispel Undead            Necr           0%         3d6       100%        4
 Leda's Liquefaction      Hex/Erth       0%         N/A       100%        4
 Sticky Flame             Conj/Fire      0%         2d3       100%        4
 Agony                    Necr           0%         N/A       100%        5
 Silence                  Hex/Air        0%         N/A       100%        5
 Orb of Destruction       Conj           0%         9d5       100%        7
 Spellforged Servitor     Conj/Summ      0%         N/A       100%        7


Dungeon Overview and Level Annotations

Branches:
Dungeon (6/15)             Temple (1/1) D:4

Altars:
Cheibriados
Dithmenos
Elyvilon
Hepliaklqana
Makhleb
Nemelex Xobeh
Okawaru
Ru
Sif Muna
Trog
Wu Jian
Xom
Zin


Message History

The phantom hits you but does no damage. x2
Unknown command.
You closely miss the phantom.
The phantom is heavily damaged.
The phantom hits you but does no damage.
Unknown command.
You slash the phantom!
The phantom is almost destroyed.
The phantom hits you but does no damage.
Unknown command.
You slash the phantom!
You destroy the phantom!
Dithmenos accepts your kill.
You hit the jelly. The acid corrodes you!
Your hands burn!
The jelly is lightly wounded.
The jelly barely misses you.
You hit the jelly but do no damage.
Your hands burn!
The jelly is lightly wounded.
The jelly hits you but does no damage.
You hit the jelly. The acid corrodes you!
Your hands burn!
The jelly is heavily wounded.
The jelly barely misses you.
You hit the jelly but do no damage.
Your hands burn!
The jelly is heavily wounded.
The jelly hits you but does no damage.
You hit the jelly but do no damage.
Your hands burn!
* * * LOW HITPOINT WARNING * * *
The jelly is heavily wounded.
You block the jelly's attack.
You hit the jelly.
Your hands burn!
* * * LOW HITPOINT WARNING * * *
The jelly is severely wounded.
The jelly hits you but does no damage.
You hit the jelly but do no damage. The acid corrodes you!
Your hands burn!
* * * LOW HITPOINT WARNING * * *
The jelly is severely wounded.
The jelly hits you.
* * * LOW HITPOINT WARNING * * *
You are splashed with acid!
You die...

#..#..........≈
.....#.........~≈
#....
#.........#≈
..... #.........#
.... ...........#
......#.........#
...##........# ..
#.#...##J##
..#....#@#
........#
###.##...# ##
#...# ##..# #.##
##


You could see a jelly.

Vanquished Creatures
  Sigmund (D:3)
  Menkaure (D:4)
  An orc warrior (D:4)
  2 phantoms
  2 hounds
  Crazy Yiuf (D:3)
  2 iguanas
  An orc wizard (D:4)
  Natasha (thrice) (D:4)
  Robin (D:4)
  5 gnolls
  4 adders
  A white imp (D:5)
  3 worms
  3 dart slugs
  3 orcs
  6 endoplasms
  2 giant cockroaches
  13 goblins
  9 hobgoblins
  2 jackals (D:4)
  5 kobolds
  5 quokkas
  14 ball pythons
  7 bats
  7 frilled lizards
  4 rats
108 creatures vanquished.

Notes
Turn   | Place    | Note
-------+----------+-------------------------------------------
     0 | D:1      | zeram the Hill Orc Fighter began the quest for the Orb.
     0 | D:1      | Reached XP level 1. HP: 19/19 MP: 1/1
    27 | D:1      | Reached XP level 2. HP: 26/27 MP: 2/2
   339 | D:1      | Reached skill level 3 in Axes
   391 | D:1      | Reached XP level 3. HP: 30/33 MP: 3/3
   643 | D:1      | Found a faded altar of an unknown god.
   937 | D:2      | Reached skill level 4 in Axes
   961 | D:2      | Reached XP level 4. HP: 39/40 MP: 4/4
  2065 | D:3      | Reached XP level 5. HP: 17/46 MP: 5/5
  2068 | D:3      | Reached skill level 5 in Axes
  2516 | D:3      | Noticed Sigmund
  2528 | D:3      | Killed Sigmund
  2529 | D:3      | Reached skill level 6 in Axes
  2529 | D:3      | Reached skill level 5 in Armour
  2529 | D:3      | Reached XP level 6. HP: 38/53 MP: 6/6
  2887 | D:3      | Found a runed translucent door.
  2888 | D:3      | Noticed Crazy Yiuf
  3005 | D:3      | Killed Crazy Yiuf
  3291 | D:4      | Noticed Natasha
  3292 | D:4      | Found an iron altar of Okawaru.
  3297 | D:4      | Killed Natasha
  3367 | D:4      | Identified the +1 robe of Fresh Salvation {Regen+ Str+2}
  3370 | D:4      | Found a staircase to the Ecumenical Temple.
  3417 | Temple   | Entered the Ecumenical Temple
  3616 | Temple   | Became a worshipper of Dithmenos the Shadowed
  3645 | D:4      | Noticed Natasha
  3649 | D:4      | Killed Natasha
  3656 | D:4      | Noticed an orc warrior
  3657 | D:4      | Noticed Menkaure
  3721 | D:4      | Reached skill level 7 in Axes
  3721 | D:4      | Reached XP level 7. HP: 38/60 MP: 7/7
  3797 | D:4      | Noticed Natasha
  3803 | D:4      | Killed Natasha
  3923 | D:4      | HP: 1/60 [orc warrior/+0 trident (10)]
  3929 | D:4      | Reached skill level 5 in Fighting
  4289 | D:4      | Killed Menkaure
  4290 | D:4      | Reached skill level 8 in Axes
  4293 | D:4      | Noticed Robin
  4313 | D:4      | Killed Robin
  4545 | D:5      | Entered Level 5 of the Dungeon
  4552 | D:5      | Reached XP level 8. HP: 57/69 MP: 8/8
  4988 | D:6      | Splashed by a jelly's acid

Illustrated notes

Levels and vault maps discovered:
D:1:      psy_arrival_dodecagon, layout_rooms,
          hellmonk_ecumenical_altar_lost_god
D:2:      layout_loops_ring, minmay_misc_feat_chi
D:3:      layout_loops_corners, uniq_sigmund, uniq_crazy_yiuf_cottage
D:4:      layout_cave_pools, amcnicky_altar_gilded, temple_statues,
          uniq_natasha, uniq_menkaure, uniq_robin
D:5:      lemuel_ice_spiral_2, layout_basic, gammafunk_ghost_cemetery
D:6:      layout_cave_pools, mainiacjoe_overflow_cross_hatched,
          minmay_misc_feat_tower, columned_hall_lemuel, chequers_big_river
Temple:   nicolae_temple_slightly_damp_pantheon

Skill      XL: |  1  2  3  4  5  6  7 |
---------------+----------------------+-----
Axes           | 3 4 6 7 8 |  8.6
Fighting       | 4 5 |  5.7
Armour         | 4 5 6 |  6.2
Shields        | 4 |  4.4

Action                   |  1- 3 |  4- 6 |  7- 9 || total
-------------------------+-------+-------+-------++-------
Melee: War axe           |    91 |   126 |   100 ||   317
  Use: Scroll            |       |    11 |     6 ||    17
       Potion            |       |     1 |     1 ||     2
Armor: Scale mail        |    45 |    73 |    16 ||   134
       Plate armour      |       |       |    38 ||    38
Dodge: Dodged            |    61 |    42 |    38 ||   141
Block: Buckler           |    25 |    21 |    19 ||    65
